 Dungeon Crawl Stone Soup version 0.26.1-11-gd32895ea62 (webtiles) character file.

Game seed: 5359837556221125008

4748 Almogavar the Geomancer (level 10, -15/56 HPs)
             Began as a Gargoyle Earth Elementalist on May 30, 2021.
             Demolished by Harold
             ... wielding a +0 mace
              (18 damage)
             ... on level 8 of the Dungeon.
             The game lasted 00:41:02 (10081 turns).

Almogavar the Geomancer (GrEE)                     Turns: 10081, Time: 00:41:03

Health: -15/56     AC:  0    Str: 12    XL:     10   Next: 46%
Magic:  20/20      EV: 21    Int: 19    God:
Gold:   357        SH:  0    Dex: 15    Spells: 18/22 levels left

rFire    . . .     SeeInvis .   (weapon currently unavailable)
rCold    . . .     Faith    .   (shield currently unavailable)
rNeg     + . .     Spirit   .   (armour currently unavailable)
rPois    ∞         Reflect  .   (helmet currently unavailable)
rElec    .         Harm     .   (cloak currently unavailable)
rCorr    .         Rampage  .   (gloves currently unavailable)
Will     .....                  (boots currently unavailable)
Stlth    +++.......             q - amulet of regeneration
HPRegen  0.58/turn              (ring currently unavailable)
MPRegen  0.17/turn              (ring currently unavailable)

@: about to teleport, bat-form, marked, flying, very quick
A: tiny, negative energy resistance 1, petrification resistance, miasma
immunity, AC +7
a: Stop Flying


You were on level 8 of the Dungeon.
You were in bat-form.
You visited 1 branch of the dungeon, and saw 11 of its levels.

You collected 357 gold pieces.

Inventory:

Hand Weapons
 y - a +2 mace of protection (melded)
 F - a +2 whip of electrocution
Missiles
 b - 82 stones
 l - 81 bolts
Armour
 c - a +0 kite shield
 j - a +0 leather armour (melded)
 p - a +0 ring mail
 u - a +0 helmet (melded)
 w - a +0 chain mail
Jewellery
 d - an uncursed amulet of magic regeneration
 n - a +6 ring of dexterity (melded)
 q - an amulet of regeneration (around neck)
 D - an uncursed amulet of guardian spirit
 H - a ring of fire (melded)
Wands
 B - a wand of paralysis (9)
 I - a wand of polymorph (19)
Scrolls
 g - 6 scrolls of teleportation
 i - 5 scrolls of remove curse
 k - a scroll of fear
 o - a scroll of blinking {unknown}
 r - 2 scrolls of enchant armour {unknown}
 s - 3 scrolls of noise {unknown}
 t - 2 scrolls of enchant weapon {unknown}
 x - 2 scrolls of amnesia {unknown}
 A - 2 scrolls of random uselessness {unknown}
 E - a scroll of fog {unknown}
Potions
 a - 2 potions of might
 e - a potion of invisibility
 f - 2 potions of haste
 h - a potion of resistance {unknown}
 m - 3 potions of brilliance
 v - a potion of magic {unknown}
 z - a potion of berserk rage {unknown}
 C - a potion of lignification {unknown}
 G - 3 potions of curing {unknown}
 J - a potion of flight {unknown}


   Skills:
 + Level 3.1 Fighting
 + Level 4.0 Maces & Flails
 * Level 5.4 Armour
 + Level 3.5 Dodging
 + Level 5.2 Stealth
 + Level 6.8 Spellcasting
 * Level 6.7 Conjurations
 + Level 0.7 Transmutations
 + Level 9.3 Earth Magic


You had 18 spell levels left.
You knew the following spells:

 Your Spells              Type           Power        Failure   Level
a - Sandblast             Erth           84%          1%          1
b - Stone Arrow           Conj/Erth      74%          1%          3

Your spell library contained the following spells:

 Spells                   Type           Power        Failure   Level
 Passwall                 Tmut/Erth      20%          1%          2
 Lee's Rapid Deconstruct  Erth           21%          6%          5
 Petrify                  Tmut/Erth      25%          13%         4
 Confusing Touch          Hex            6%           30%         3
 Gell's Gravitas          Tloc           3%           30%         3
 Yara's Violent Unravell  Hex/Tmut       3%           94%         5
 Metabolic Englaciation   Hex/Ice        3%           96%         5


Dungeon Overview and Level Annotations

Branches:
Dungeon (11/15)
 Temple: D:4-7         Lair: D:8-11         Orc: D:9-12

Altars:
Ashenzari
Elyvilon
Gozag
Hepliaklqana
Kikubaaqudgha
Sif Muna
Yredelemnul

Shops:
D:4 !   D:5 (

Annotations:
D:8 Harold


Innate Abilities, Weirdness & Mutations

You are resistant to torment.
((Your stone body is resilient. (AC +7)))
You are immune to poison.
You resist negative energy. (rN+)
((You are resistant to electric shocks. (rElec)))
((You can survive without breathing.))
You are immune to petrification.
You are immune to miasma.


Message History

Harold throws a throwing net.
The throwing net barely misses you.
Harold enters a dispersal trap!
You blink.
Harold blinks!
Harold fires a harpoon shot at you. The harpoon shot misses you.
Harold gestures at you while chanting. A sentinel's mark forms upon you.
Unknown command.
Harold fires a harpoon shot at you. The harpoon shot hits you!
* * * LOW HITPOINT WARNING * * *
You are yanked forward by the harpoon shot.
The orc wizard enters a dispersal trap!
The scorpion blinks! x2
The orc warrior blinks!
The orc wizard blinks!
Harold blinks!
As you read the scroll of teleportation, it crumbles to dust.
You feel strangely unstable. The orc wizard casts a spell at you.
The puff of flame hits you!
* * * LOW HITPOINT WARNING * * *
Harold hits you with a +0 mace!!
You die...

##.........c###.(#
...........(#
#o§#####
..........#.#
#.....)#
...###......#
#.....># ...
#.###### #§§...[#
.. #. #o§##### #.
##§# ##o# #@b#
#.## ###.###.#
#.......#
...#.#####


You could see Harold and 2 orc wizards.

Vanquished Creatures
  Pikel (D:5)
  Grinder (D:4)
  3 yaks (D:9)
  Menkaure (D:4)
  A water moccasin (D:7)
  An ice beast (D:5)
  2 orc warriors
  3 ogres
  2 phantoms
  2 centaurs
  4 gnoll sergeants (D:6)
  2 bullfrogs (D:6)
  3 scorpions
  8 wights
  2 howler monkeys
  7 orc priests
  2 gnoll shamans (D:6)
  8 orc wizards
  2 bullfrog skeletons
  A centaur skeleton (D:4)
  11 hounds
  Ijyb (D:3)
  An iguana (D:9)
  5 worker ants
  2 hound skeletons
  Robin (D:3)
  2 howler monkey skeletons
  10 adders
  28 gnolls
  4 shadow imps
  2 white imps
  An ufetubus (D:5)
  2 oozes
  An adder skeleton (D:5)
  A worm (D:2)
  2 dart slugs (D:3)
  5 leopard geckos
  25 orcs
  6 giant cockroaches
  14 goblins
  9 hobgoblins
  26 jackals
  A quokka (D:5)
  6 bats
  7 frilled lizards
  A giant cockroach zombie (D:5)
  2 kobolds (D:1)
  3 leopard gecko skeletons
  9 rats
  A rat zombie (D:3)
245 creatures vanquished.

Vanquished Creatures (others)
  41 fungi (D:11)
  45 plants
86 creatures vanquished.

Grand Total: 331 creatures vanquished

Notes
Turn   | Place    | Note
-------+----------+-------------------------------------------
     0 | D:1      | Almogavar the Gargoyle Earth Elementalist began the quest
                  | for the Orb.
     0 | D:1      | Reached XP level 1. HP: 10/10 MP: 3/3
   306 | D:1      | Reached skill level 4 in Earth Magic
   365 | D:1      | Reached XP level 2. HP: 14/15 MP: 1/5
   894 | D:1      | Reached XP level 3. HP: 19/19 MP: 1/6
  1776 | D:2      | Found a white marble altar of Elyvilon.
  1796 | D:2      | Learned a level 3 spell: Stone Arrow
  2121 | D:2      | Reached XP level 4. HP: 24/24 MP: 5/7
  2144 | D:3      | Found a basalt altar of Yredelemnul.
  2632 | D:3      | Noticed Robin
  2636 | D:3      | Killed Robin
  2703 | D:3      | Reached XP level 5. HP: 25/28 MP: 9/9
  2710 | D:3      | Reached skill level 5 in Earth Magic
  2736 | D:3      | Reached skill level 1 in Conjurations
  2869 | D:3      | Noticed Ijyb
  2872 | D:3      | Paralysed by Ijyb for 7 turns
  2888 | D:3      | Paralysed by Ijyb for 5 turns
  2900 | D:3      | Killed Ijyb
  3441 | D:3      | Found an ancient bone altar of Kikubaaqudgha.
  3605 | D:4      | Found a hazy altar of Hepliaklqana.
  3623 | D:4      | Noticed Grinder
  3635 | D:4      | Killed Grinder
  3636 | D:4      | Reached skill level 1 in Fighting
  3636 | D:4      | Reached XP level 6. HP: 23/34 MP: 0/11
  3727 | D:4      | Reached XP level 7. HP: 38/38 MP: 3/12
  3929 | D:4      | Reached skill level 6 in Earth Magic
  4589 | D:4      | Found Ulur Tia's Distillery.
  4873 | D:4      | Reached XP level 8. HP: 43/43 MP: 9/14
  4918 | D:4      | Noticed Menkaure
  4924 | D:4      | Killed Menkaure
  4925 | D:4      | Reached skill level 1 in Armour
  5062 | D:5      | Entered Level 5 of the Dungeon
  5111 | D:5      | Reached skill level 1 in Maces & Flails
  5111 | D:5      | Reached skill level 7 in Earth Magic
  5486 | D:5      | Found Fopul's Weapon Shop.
  6435 | D:5      | Noticed Pikel
  6446 | D:5      | Killed Pikel
  6447 | D:5      | Reached skill level 5 in Spellcasting
  6447 | D:5      | Reached XP level 9. HP: 45/49 MP: 0/16
  6830 | D:6      | Reached skill level 8 in Earth Magic
  6922 | D:6      | Reached skill level 5 in Conjurations
  8663 | D:6      | Reached XP level 10. HP: 56/56 MP: 12/19
  8764 | D:6      | Found an opulent altar of Gozag.
  8979 | D:7      | Found a shimmering blue altar of Sif Muna.
  9019 | D:7      | You fall into a shaft and drop 2 floors!
  9043 | D:9      | Reached skill level 5 in Armour
  9090 | D:9      | Reached skill level 5 in Stealth
  9323 | D:9      | You fall into a shaft and drop 2 floors!
  9487 | D:10     | Entered Level 10 of the Dungeon
  9546 | D:9      | Reached skill level 9 in Earth Magic
  9665 | D:9      | Found a broken altar of Ashenzari.
  9834 | D:8      | Noticed Harold
 10081 | D:8      | Demolished by Harold

Illustrated notes

Levels and vault maps discovered:
D:1:      heliophobic_arrival_dark_side_of_the_moon, layout_basic
D:2:      layout_basic, elyvilon_altar_5, minmay_lizard_king
D:3:      layout_basic, lemuel_zombie_altar_kikubaaqudgha, lemuel_crystal_altar,
          minmay_cupped, uniq_robin, uniq_ijyb
D:4:      layout_basic, nicolae_overflow_crystal_walls, serial_shops, shop,
          uniq_grinder, uniq_menkaure
D:5:      layout_loops_ring, serial_shops, shop_statue, uniq_pikel
D:6:      layout_cave_pools, old_standard_altar, serial_gnoll_camp,
          gnoll_camp_mini_basic, gnoll_camp_mini_loothouse,
          gnoll_camp_mini_house, gnoll_camp_mini_doghouse,
          gnoll_camp_huts_basic, gnoll_camp_mini_sergeant
D:7:      minmay_the_grid_triangle_9x9_rhombus_full
          [minmay_the_grid_triangle_9x9_longest,
          minmay_the_grid_triangle_9x9_stretched_checkered,
          minmay_the_grid_triangle_9x9_subtriangle,
          minmay_the_grid_triangle_9x9_sparse_checkered,
          minmay_the_grid_triangle_9x9_dagger,
          minmay_the_grid_triangle_9x9_negative_grid,
          minmay_the_grid_triangle_9x9_swiss_cheese,
          minmay_the_grid_triangle_9x9_prize_top_heavy], layout_rooms,
          xom_shifter_show, nicolae_overflow_hidden_temple,
          minmay_temple_entry_statues
D:8:      layout_rooms, uniq_grum, uniq_harold, uniq_psyche
D:9:      layout_roguey, old_standard_altar, water_boxes_lemuel, uniq_maggie
D:10:     layout_gridville, zombieorc2_lemuel, nicolae_trove_entry_isolated,
          david_defended_altar_elf
D:11:     layout_loops_corners, due_lair_maze_entry_diamond,
          gauntlet_entry_generic, serial_bayou_pond_c, minivault_25

Skill      XL: |  1  2  3  4  5  6  7  8  9 10 |
---------------+-------------------------------+-----
Earth Magic    | 4 5 6 7 8 9 |  9.3
Stealth        | 3 4 5 |  5.2
Spellcasting   | 3 4 5 6 |  6.8
Conjurations   | 2 3 4 6 |  6.7
Dodging        | 2 3 |  3.5
Fighting       | 1 2 3 |  3.1
Armour         | 3 4 5 |  5.4
Maces & Flails | 2 3 4 |  4.0
Transmutations | |  0.7

Action                   |  1- 3 |  4- 6 |  7- 9 | 10-12 || total
-------------------------+-------+-------+-------+-------++-------
Melee: Dagger            |    54 |    63 |    24 |       ||   141
       Mace              |       |       |   178 |   113 ||   291
 Cast: Sandblast         |    28 |    38 |    93 |    34 ||   193
       Stone Arrow       |       |     4 |    90 |    18 ||   112
  Use: Scroll            |       |     6 |     4 |     1 ||    11
 Stab: Sleeping          |     5 |     4 |     4 |     5 ||    18
Armor: Robe              |    13 |    24 |    89 |       ||   126
       Leather armour    |       |       |    58 |    81 ||   139
Dodge: Dodged            |    26 |    51 |   200 |   107 ||   384
